 Dungeon Crawl Stone Soup version 0.27.0-1-g7a089689b8 (webtiles) character file.

Game seed: 15831976094683506598

896 sakkuzi the Cleaver (level 7, -20/66 HPs)
             Began as a Minotaur Berserker on Aug 11, 2021.
             Was a Priest of Trog.
             Killed by an exploding two-headed ogre (28 damage)
             ... ignited by their inner flame
             ... on level 6 of the Dungeon.
             The game lasted 00:11:40 (5382 turns).

sakkuzi the Cleaver (Minotaur Berserker)            Turns: 5382, Time: 00:11:40

Health: -20/66     AC: 14    Str: 29    XL:     7   Next: 79%
Magic:  6/6        EV: 13    Int:  4    God:    Trog [***...]
Gold:   260        SH:  0    Dex: 12    Spells: 6/6 levels left

rFire    . . .     SeeInvis .   a - +0 hand axe {axe}
rCold    . . .     Faith    .   (no shield)
rNeg     + . .     Spirit   .   d - +1 chain mail
rPois    .         Reflect  .   x - +1 hat
rElec    .         Harm     .   (no cloak)
rCorr    .         Rampage  .   j - +3 pair of gloves "Docallyt" {rN+ Will+ Str+2 Stlth+}
Will     +....                  (no boots)
Stlth    ..........             (no amulet)
HPRegen  0.21/turn              z - +4 ring of evasion
MPRegen  0.10/turn              B - +6 ring of strength

@: no status effects
A: horns 2, retaliatory headbutt
a: Renounce Religion, Berserk, Trog's Hand


You were on level 6 of the Dungeon.
You worshipped Trog.
Trog was most pleased with you.
You visited 1 branch of the dungeon, and saw 6 of its levels.

You collected 260 gold pieces.


Innate Abilities, Weirdness & Mutations

You have a pair of horns on your head.
You reflexively headbutt those who attack you in melee.


   Skills:
 + Level 7.1 Fighting
 * Level 9.4 Axes
 - Level 2.4 Armour
 - Level 2.1 Dodging


You had 6 spell levels left.
You didn't know any spells.
Your spell library contained the following spells:

 Spells                   Type           Power      Damage    Failure   Level
 Frozen Ramparts          Ice            0%         1d2       100%        3
 Ozocubu's Armour         Ice            0%         N/A       100%        3
 Ice Form                 Ice/Tmut       0%         N/A       100%        4
 Summon Ice Beast         Ice/Summ       0%         N/A       100%        4
 Metabolic Englaciation   Hex/Ice        0%         N/A       100%        5
 Simulacrum               Ice/Necr       0%         N/A       100%        6

Inventory:

Hand Weapons
 a - a +0 hand axe (weapon) {axe}
 n - a +1 short sword of draining {short}
   (You took it off an orc on level 4 of the Dungeon)
 p - a +0 dagger of flaming {short}
   (You took it off an orc on level 4 of the Dungeon)
Missiles
 c - 202 stones (quivered) {throwing}
 e - 10 sling bullets
 f - a throwing net {=f!fthrowing}
 k - 6 poisoned darts {throwing}
 l - 47 bolts
 o - 4 boomerangs {throwing}
 t - 6 javelins {throwing}
 A - 13 arrows
Armour
 b - a +0 animal skin
 d - a +1 chain mail (worn)
   (You found it on level 3 of the Dungeon)
 g - a +1 ring mail
   (You found it on level 2 of the Dungeon)
 j - the +3 pair of gloves "Docallyt" (worn) {rN+ Will+ Str+2 Stlth+}
   (You found it on level 3 of the Dungeon)

   Str:       It affects your strength (+2).
   rN:        It protects you from negative energy.
   Will:      It increases your willpower.
   Stlth:     It makes you more stealthy.
 x - a +1 hat (worn)
   (You found it on level 5 of the Dungeon)
 y - a +2 leather armour of willpower
   (You took it off a gnoll shaman on level 5 of the Dungeon)
Jewellery
 z - a +4 ring of evasion (left hand)
   (You found it on level 5 of the Dungeon)
 B - a +6 ring of strength (right hand)
   (You found it on level 6 of the Dungeon)
Wands
 m - a wand of paralysis (5)
   (You found it on level 4 of the Dungeon)
Scrolls
 i - 2 scrolls of teleportation {@r4}
 s - a scroll of magic mapping {!r}
 w - a scroll of identify {@r1}
Potions
 h - a potion of curing {unknown}
 q - 2 potions of berserk rage {unknown}
 r - a potion of mutation {unknown}
 u - 2 potions of lignification {unknown}

Dungeon Overview and Level Annotations

Branches:
Dungeon (6/15)             Temple (0/1) D:5

Altars:
Cheibriados
Hepliaklqana
Makhleb

Shops:
D:1

* ,,,,,,,* #..##.#.....#.#
******** #..........##.#
##.##.####.##.# #..#.# #.##.#
##.#.# #.#..# #.#.#* #.#.#####
#.#,,# #.#......
***#########.#..# #.#..####
*,,..$..§§@.....# #.#..#
*,*###..§○##....###.#..# *,*
#..§§*##..........####
*******+***#....**,..########<...
*,,,,,,,,,,#....**,..# #####
*,,,,,,,,,,#....**,.>#
,,,,,,,,,,,#....**,###**
,,,,,,,,,,,#..8.,,,,,,,*
,,,,,,*,***,,,,,,,,,,,,*


There were no monsters in sight!


Message History

You see here a +0 halberd {polearm}.
Things that are here:
a +0 whip {mace}; a +0 spear {polearm} You see here a +0 whip {mace}.
Done exploring.
(D) Dungeon (T) Temple
Where to? (Enter - D:4, ? - help)
You see here a +0 ring mail.
Items here: ))) [.
Things that are here:
a +0 spear {polearm}; a +0 halberd {polearm} You see here a +0 halberd {polearm}.
There is a stone staircase leading down here.
You climb downwards.
A water moccasin zombie comes into view.
There is a stone staircase leading up here.
The water moccasin zombie bites you but does no damage.
You hit the water moccasin zombie. You headbutt the water moccasin zombie.
The water moccasin zombie closely misses you.
You slash the water moccasin zombie! You headbutt the water moccasin zombie!
The water moccasin zombie closely misses you.
You furiously retaliate!
You headbutt the water moccasin zombie!
You closely miss the water moccasin zombie.
You headbutt the water moccasin zombie.
You destroy the water moccasin zombie!
Trog accepts your kill.
A - 13 arrows
Found a stone staircase leading down.
You see here a +0 mace {mace}.
A howler monkey zombie comes into view.
The howler monkey zombie closely misses you.
Your chain mail prevents you from hitting the howler monkey zombie.
The howler monkey zombie hits you but does no damage.
You slash the howler monkey zombie! You headbutt the howler monkey zombie.
You hit the howler monkey zombie. You headbutt the howler monkey zombie!
You destroy the howler monkey zombie!
Trog accepts your kill.
You now have 260 gold pieces (gained 8).
You see here a +0 ring mail.
B - a +6 ring of strength You feel stronger.
B - a +6 ring of strength (right hand)
You see here a +0 ring mail.
c - 202 stones {throwing} (gained 21)
Found a stone staircase leading down.
As you read the scroll labelled GESHASOXTO, it crumbles to dust.
You feel aware of your surroundings.
You sensed 1 altar, and 1 shop/portal.
It was a scroll of magic mapping.
A white imp comes into view.
The white imp shouts!
You hear two shouts!
The white imp gestures at you.
The puff of frost hits you but does no damage.
A two-headed ogre comes into view. It is wielding two +0 giant clubs.
The two-headed ogre shouts in stereo!
You hit the white imp. You headbutt the white imp.
You kill the white imp!
Trog accepts your kill. The two-headed ogre misses you.
You furiously retaliate!
You headbutt the two-headed ogre. The two-headed ogre closely misses you.
You hit the two-headed ogre.
Your headbutt misses the two-headed ogre.
You slash the two-headed ogre! The two-headed ogre barely misses you.
The two-headed ogre hits you but does no damage.
You hit the two-headed ogre but do no damage.
You slash the two-headed ogre!
The two-headed ogre hits you but does no damage.
The two-headed ogre misses you.
You slash the two-headed ogre!
Your headbutt misses the two-headed ogre.
The two-headed ogre hits you with a +0 giant club!
The two-headed ogre closely misses you. 😕 HP[-10]
You take 10 damage, and now have 56/66 hp.
You hit the two-headed ogre. You hit the two-headed ogre.
The two-headed ogre hits you with a +0 giant club!
The two-headed ogre barely misses you. 😮 HP[-16]
You take 16 damage, and now have 40/66 hp.
MASSIVE DAMAGE!! (PAUSE)
You hit the two-headed ogre.
The two-headed ogre hits you with a +0 giant club!
* * * LOW HITPOINT WARNING * * *
The two-headed ogre hits you with a +0 giant club!!
* * * LOW HITPOINT WARNING * * *
😱 HP[-33]
You take 33 damage, and now have 7/66 hp.
MASSIVE DAMAGE!! (PAUSE)
Okay, then.
Really read
v - a scroll of immolation {!r!r}?
Really read the scroll of immolation?
As you read the scroll of immolation {!r!r}, it crumbles to dust.
The creatures around you are filled with an inner flame! 😱 HP[+1]
You hit the two-headed ogre.
Flame seeps out of the two-headed ogre.
You headbutt the two-headed ogre. Trog accepts your kill.
The two-headed ogre explodes!
The fiery explosion engulfs you!!
You die...

Skill      XL: |  1  2  3  4  5  6  7 |
---------------+----------------------+-----
Axes           | 4 5 6 7 8 9 |  9.4
Fighting       | 4 5 6 7 |  7.1
Armour         | |  2.4
Dodging        | |  2.1

Action                   |  1- 3 |  4- 6 |  7- 9 || total
-------------------------+-------+-------+-------++-------
Melee: Hand axe          |    66 |    94 |    82 ||   242
       Headbutt          |     9 |    22 |    28 ||    59
Invok: Berserk           |     1 |     2 |     1 ||     4
  Use: Scroll            |     4 |     5 |     2 ||    11
Armor: Animal skin       |     3 |       |       ||     3
       Ring mail         |     4 |       |       ||     4
       Chain mail        |       |    45 |    40 ||    85
Dodge: Dodged            |    42 |    39 |    42 ||   123

Levels and vault maps discovered:
D:1:      minmay_arrival_up_and_down, layout_loops_corners, serial_shops,
          nicolae_square_shop, serial_forest, infiniplex_forest_end_3,
          infiniplex_forest_clump_medium, infiniplex_forest_lined_room_2,
          infiniplex_forest_clump_long, infiniplex_forest_lined_3,
          infiniplex_forest_straight_2, infiniplex_forest_clump_large,
          infiniplex_forest_clump_long
D:2:      layout_basic, hellmonk_ecumenical_altar_pennies_from_heaven
D:3:      layout_rooms, dk_noncrumbling_3, kennysheep_cluttered_room
D:4:      kb_forest_paths, layout_basic
D:5:      layout_loops_corners, lemuel_doored_altar, lemuel_round_altar,
          cheibrodos_worm_habitat, minmay_temple_entry_statues,
          minmay_misc_feat_doors
D:6:      layout_basic, mainiacjoe_overflow_tiny_flanked, serial_shops,
          nicolae_shop_statue_plus, serial_bayou_pond_a, minmay_manual_mess

Notes
Turn   | Place    | Note
-------+----------+-------------------------------------------
     0 | D:1      | sakkuzi the Minotaur Berserker began the quest for the Orb.
     0 | D:1      | Reached XP level 1. HP: 19/19 MP: 0/0
     0 | D:1      | magus.rc [v1.9.6]
   460 | D:1      | Reached skill level 4 in Axes
   557 | D:1      | Reached XP level 2. HP: 24/27 MP: 1/1
   630 | D:1      | Found Azipep's General Store.
   999 | D:1      | Reached skill level 4 in Fighting
  1156 | D:2      | Found a faded altar of an unknown god.
  1443 | D:2      | Reached XP level 3. HP: 33/33 MP: 2/2
  1507 | D:2      | Reached ** piety under Trog
  1509 | D:2      | Reached skill level 5 in Axes
  2170 | D:3      | Reached XP level 4. HP: 40/41 MP: 3/3
  2325 | D:3      | Identified the +3 pair of gloves "Docallyt" {rN+ Will+
                  | Str+2 Stlth+}
  2604 | D:4      | Noticed a bullfrog
  2610 | D:4      | Killed a bullfrog
  2611 | D:4      | Reached skill level 5 in Fighting
  2611 | D:4      | Reached skill level 6 in Axes
  2611 | D:4      | Reached XP level 5. HP: 48/48 MP: 4/4
  2791 | D:4      | You pick up a book of Winter {forbidden} and begin
                  | reading...
  2791 | D:4      | You add the spells Ozocubu's Armour, Metabolic Englaciation
                  | and Simulacrum to your library.
  2963 | D:4      | Reached skill level 7 in Axes
  2963 | D:4      | Reached XP level 6. HP: 56/56 MP: 5/5
  3453 | D:5      | Entered Level 5 of the Dungeon
  3473 | D:5      | Found a burning altar of Makhleb.
  3542 | D:5      | Reached skill level 6 in Fighting
  3912 | D:5      | Reached skill level 8 in Axes
  3921 | D:5      | Reached XP level 7. HP: 56/63 MP: 6/6
  3931 | D:5      | Reached *** piety under Trog
  3994 | D:5      | HP: 15/63 [acid (5)]
  4277 | D:5      | You pick up a book of Rime {forbidden} and begin reading...
  4277 | D:5      | You add the spells Frozen Ramparts, Ice Form and Summon Ice
                  | Beast to your library.
  4638 | D:5      | Reached skill level 9 in Axes
  4731 | D:5      | Found a snail-covered altar of Cheibriados.
  4803 | D:5      | Found a hazy altar of Hepliaklqana.
  4816 | D:5      | Found a staircase to the Ecumenical Temple.
  4960 | D:5      | Reached skill level 7 in Fighting
  5370 | D:6      | Noticed a two-headed ogre
  5380 | D:6      | HP: 7/66 [two-headed ogre (25)]
  5382 | D:6      | Killed a two-headed ogre
  5382 | D:6      | Killed by an exploding two-headed ogre... ignited by their
                  | inner flame

Vanquished Creatures
  A two-headed ogre (D:6)
  A necrophage (D:5)
  An ogre (D:4)
  A bullfrog (D:4)
  A water moccasin zombie (D:6)
  5 jellies
  2 gnoll shamans (D:5)
  A centaur skeleton (D:5)
  2 orc wizards (D:4)
  An iguana (D:5)
  A hound skeleton (D:4)
  2 howler monkey zombies
  3 adders
  8 gnolls (D:5)
  3 white imps
  2 ufetubi (D:5)
  An adder skeleton (D:4)
  5 worms
  2 dart slugs (D:1)
  8 orcs
  5 ball pythons
  3 endoplasms
  4 giant cockroaches
  8 hobgoblins
  4 jackals (D:2)
  5 kobolds
  A quokka (D:4)
  2 bats (D:3)
  2 frilled lizards
  3 goblins
  6 rats
94 creatures vanquished.

Table legend:
 A = Non-vault XP
 B = Vault XP
 C = Vault XP percentage of total XP
 D = Non-vault monster count
 E = Vault monster count
 F = Vault count percentage of total count
                 A         B        C        D         E       F
            +---------+---------+-------+---------+---------+-------
      Total |    1988 |     165 |   7.7 |      87 |       7 |   7.4
            +---------+---------+-------+---------+---------+-------
        D:1 |      23 |       0 |   0.0 |      11 |       0 |   0.0
        D:2 |      49 |       0 |   0.0 |      19 |       0 |   0.0
        D:3 |      27 |       0 |   0.0 |      10 |       0 |   0.0
        D:4 |     297 |     160 |  35.0 |      21 |       6 |  22.2
        D:5 |     613 |       5 |   0.8 |      22 |       1 |   4.3
        D:6 |     979 |       0 |   0.0 |       4 |       0 |   0.0
            +---------+---------+-------+---------+---------+-------

Illustrated notes

Table legend:
 A = Kills in this place as a percentage of kills in entire the game.
 B = Kills by you in this place as a percentage of kills by you in the entire game.
 C = Kills by friends in this place as a percentage of kills by friends in the entire game.
 D = Other kills in this place as a percentage of other kills in the entire game.
 E = Experience gained in this place as a percentage of experience gained in the entire game.
 F = Experience gained in this place divided by the number of levels of this place that you have seen.
                   A       B       C       D       E      F
               +-------+-------+-------+-------+-------+----------------------
         Total | 100.0 | 100.0 |   N/A |   N/A | 100.0 | 358.8
       Dungeon | 100.0 | 100.0 |   N/A |   N/A | 100.0 | 358.8
               +-------+-------+-------+-------+-------+----------------------

Table legend: (Time is in decaauts)
 A = Elapsed time spent in this place.
 B = Non-inter-level travel time spent in this place.
 C = Inter-level travel time spent in this place.
 D = Time resting spent in this place.
 E = Time spent auto-exploring this place.
 F = Levels seen in this place.
 G = Mean time per level.
                   A        B        C        D        E       F      G
               +--------+--------+--------+--------+--------+-----+--------+
         Total |   5416 |   5281 |    135 |      0 |   4416 |   6 |  902.7 |
       Dungeon |   5416 |   5281 |    135 |      0 |   4416 |   6 |  902.7 |
               +--------+--------+--------+--------+--------+-----+--------+

Top non-repeatable levels by time:
     D:5: 1792 daAuts
     D:1: 1150 daAuts
     D:4: 1011 daAuts
     D:2: 789 daAuts
     D:3: 534 daAuts
     D:6: 139 daAuts
